 Dungeon Crawl Stone Soup version 0.22-a0-305-gd21a89c (webtiles) character file.

796 Amnesiac the Chucker (level 7, -5/35 HPs)
             Began as a Spriggan Fighter on Mar 29, 2018.
             Was a Follower of Okawaru.
             Shot with an arrow by a centaur (11 damage)
             ... on level 5 of the Dungeon.
             The game lasted 00:11:28 (5566 turns).

Amnesiac the Chucker (Spriggan Fighter)             Turns: 5566, Time: 00:11:29

Health: -5/35      AC:  2    Str: 14    XL:     7   Next: 58%
Magic:  11/11      EV: 19    Int:  9    God:    Okawaru [*.....]
Gold:   159        SH:  7    Dex: 16    Spells: 6/6 levels left

rFire    . . .     SeeInvis +   b - +0 blowgun
rCold    . . .     Gourm    .   c - +1 buckler
rNeg     . . .     Faith    .   o - +0 robe
rPois    .         Spirit   .   (helmet restricted)
rElec    .         Reflect  .   (no cloak)
rCorr    .         Harm     .   (gloves unavailable)
MR       +....                  (boots unavailable)
Stlth    +.........             (no amulet)
HPRegen  0.11/turn              i - ring of loudness (curse)
MPRegen  0.12/turn              (no ring)

@: very quick
A: very small, unfitting armour, see invisible, herbivore, speed 3, slow
metabolism 2
a: Heroism, Renounce Religion


You were on level 5 of the Dungeon.
You worshipped Okawaru.
Okawaru was aware of your devotion.
You were not hungry.

You visited 2 branches of the dungeon, and saw 6 of its levels.

You collected 159 gold pieces.

Inventory:

Hand Weapons
 a - a +2 dagger of holy wrath
 b - a +0 blowgun (weapon)
 q - a +0 rapier
Missiles
 j - 50 stones
 p - a poisoned needle (quivered)
 r - 2 tomahawks
 v - 91 arrows
Armour
 c - a +1 buckler (worn)
 o - a +0 robe (worn)
Jewellery
 i - a cursed ring of loudness (left hand)
 l - an uncursed ring of fire
Wands
 e - a wand of digging (6)
 s - a wand of random effects (16)
Scrolls
 k - 2 scrolls of enchant weapon {!r}
Potions
 d - 2 potions of might {!q}
 g - a potion of heal wounds {!q, unknown}
 h - a potion of ambrosia {!q}
 m - 2 potions of flight {!q}
 n - 2 potions of agility {!q}
 t - a potion of curing {!q, unknown}
Comestibles
 f - 5 rations


   Skills:
 - Level 2.4 Fighting
 - Level 3.0 Short Blades
 * Level 6.5 Throwing
 - Level 4.4 Dodging
 - Level 3.0 Stealth
 - Level 2.1 Shields
 + Level 4.2 Invocations


You had 6 spell levels left.
You didn't know any spells.

Dungeon Overview and Level Annotations

Branches:
Dungeon (5/15)             Temple (1/1) D:4

Altars:
Ashenzari
Cheibriados
Elyvilon
Fedhas
Gozag
Makhleb
Okawaru
Qazlal
Sif Muna
Trog
Uskayaw
Vehumet
Wu Jian
Xom
Zin
The Shining One


Innate Abilities, Weirdness & Mutations

You are very small and have problems with some larger weapons.
You are too small for most types of armour.
You have supernaturally acute eyesight. (SInv)
You are a herbivore.
You cover ground extremely quickly.
You need to consume almost no food.


Message History

Firing (i - inventory. (/) - cycle)
p - 10 poisoned needles (quivered)
Press: ? - help, Shift-Dir - straight line, f - ogre
Aim: an ogre, wielding a giant club (resting)
You shoot a poisoned needle. The poisoned needle hits the ogre!
The ogre is poisoned.
The ogre shouts!
Firing (i - inventory. (/) - cycle)
p - 9 poisoned needles (quivered)
Press: ? - help, Shift-Dir - straight line, f/p - ogre
Aim: an ogre, wielding a giant club (lightly wounded, poisoned)
You shoot a poisoned needle. The poisoned needle hits the ogre.
The ogre is lightly wounded.
Firing (i - inventory. (/) - cycle)
p - 8 poisoned needles (quivered)
Press: ? - help, Shift-Dir - straight line, f/p - ogre
Aim: an ogre, wielding a giant club (lightly wounded, poisoned)
You shoot a poisoned needle. The poisoned needle hits the ogre!
The ogre looks as sick as possible!
The ogre is lightly wounded.
You kill the ogre!
Okawaru accepts your kill.
Things that are here:
a giant club; an ogre corpse A centaur comes into view.
The centaur shouts!
The centaur wields a shortbow.
The centaur shoots an arrow.
The arrow completely misses you.
You see here an arrow.
A centaur is nearby!
A centaur is nearby!
Firing (i - inventory. (/) - cycle)
p - 7 poisoned needles (quivered)
Press: ? - help, Shift-Dir - straight line, f - centaur
Aim: a centaur, wielding a shortbow You shoot a poisoned needle.
The poisoned needle hits the centaur.
The centaur shoots an arrow.
The arrow hits you!
Firing (i - inventory. (/) - cycle)
p - 6 poisoned needles (quivered)
Press: ? - help, Shift-Dir - straight line, f/p - centaur
Aim: a centaur, wielding a shortbow You shoot a poisoned needle.
The poisoned needle hits the centaur!
The centaur is poisoned.
The centaur shoots an arrow.
The arrow hits you.
Firing (i - inventory. (/) - cycle)
p - 5 poisoned needles (quivered)
Press: ? - help, Shift-Dir - straight line, f/p - centaur
Aim: a centaur, wielding a shortbow (poisoned)
You shoot a poisoned needle. The poisoned needle hits the centaur.
Firing (i - inventory. (/) - cycle)
p - 4 poisoned needles (quivered)
Press: ? - help, Shift-Dir - straight line, f/p - centaur
Aim: a centaur, wielding a shortbow (poisoned)
You shoot a poisoned needle.
The poisoned needle closely misses the centaur.
The centaur shoots an arrow.
The arrow hits you!
* * * LOW HITPOINT WARNING * * *
Firing (i - inventory. (/) - cycle)
p - 3 poisoned needles (quivered)
Press: ? - help, Shift-Dir - straight line, f/p - centaur
Aim: a centaur, wielding a shortbow (poisoned)
You shoot a poisoned needle. The poisoned needle hits the centaur.
The centaur looks even sicker.
The centaur shoots an arrow.
The arrow closely misses you.
Firing (i - inventory. (/) - cycle)
p - 2 poisoned needles (quivered)
Press: ? - help, Shift-Dir - straight line, f/p - centaur
Aim: a centaur, wielding a shortbow (poisoned)
You shoot a poisoned needle. The poisoned needle hits the centaur!
The centaur looks as sick as possible!
The centaur shoots an arrow.
The arrow hits you!
* * * LOW HITPOINT WARNING * * *
You start resting.
The centaur shoots an arrow.
The arrow hits you!
You die...

#..................#....
#.............c....#....
#......##..........#....
#..................##...
######........####.##...
######........# #......
#.............####..###.
#................#......
#......@.#######.###.###
###........# #.....#..
#........#########....
#.....................
###.....................
#................<......
#..........###.........#
#..........#............
#.....######............


You could see a centaur.

Vanquished Creatures
  Sigmund (D:4)
  An ice beast (D:5)
  An ogre (D:5)
  A howler monkey (D:5)
  A centaur zombie (D:5)
  An orc priest (D:4)
  3 orc wizards
  Natasha (thrice) (D:4)
  A worker ant (D:4)
  3 gnolls (D:5)
  6 adders
  2 worms (D:2)
  5 leopard geckos
  11 orcs
  2 ball pythons (D:3)
  A giant cockroach (D:2)
  6 goblins
  7 hobgoblins
  6 jackals (D:2)
  3 quokkas
  10 bats
  6 frilled lizards
  A jackal skeleton (D:5)
  11 kobolds
  A leopard gecko skeleton (D:4)
  6 rats
100 creatures vanquished.

Notes
Turn   | Place    | Note
-------+----------+-------------------------------------------
     0 | D:1      | Amnesiac the Spriggan Fighter began the quest for the Orb.
     0 | D:1      | Reached XP level 1. HP: 11/11 MP: 2/2
   136 | D:2      | Reached skill level 1 in Stealth
   201 | D:2      | Reached XP level 2. HP: 16/16 MP: 3/3
   572 | D:4      | Found a hide-covered altar of Uskayaw.
   572 | D:4      | Noticed a hand axe
   572 | D:4      | Noticed an enchanted hand axe
   585 | D:4      | Found a staircase to the Ecumenical Temple.
   591 | Temple   | Entered the Ecumenical Temple
   849 | Temple   | Became a worshipper of Warmaster Okawaru
   912 | D:3      | Reached XP level 3. HP: 18/19 MP: 4/4
  1323 | D:1      | Reached skill level 1 in Throwing
  2387 | D:2      | Reached skill level 2 in Throwing
  2391 | D:2      | Reached skill level 1 in Invocations
  2391 | D:2      | Reached XP level 4. HP: 16/23 MP: 5/5
  2403 | D:2      | Found a burning altar of Makhleb.
  2404 | D:2      | Found a radiant altar of Vehumet.
  2476 | D:2      | Found a shattered altar of Ashenzari.
  2983 | D:3      | Reached skill level 3 in Throwing
  2983 | D:3      | Reached XP level 5. HP: 20/27 MP: 7/7
  3531 | D:4      | Noticed Natasha
  3549 | D:4      | Killed Natasha
  3549 | D:4      | Reached skill level 4 in Throwing
  3568 | D:4      | Reached XP level 6. HP: 25/32 MP: 8/8
  3641 | D:4      | Noticed Natasha
  3658 | D:4      | Killed Natasha
  3757 | D:5      | Entered Level 5 of the Dungeon
  4175 | D:5      | Reached skill level 5 in Throwing
  4393 | D:4      | Noticed Sigmund
  4425 | D:4      | Killed Sigmund
  4425 | D:4      | Reached XP level 7. HP: 17/35 MP: 10/10
  4480 | D:4      | Noticed Natasha
  4491 | D:4      | Killed Natasha
  5350 | D:5      | Reached * piety under Okawaru
  5350 | D:5      | Reached skill level 6 in Throwing
  5566 | D:5      | Shot with an arrow by a centaur

Vault maps used:
D:1:      minmay_arrival_solitary_statue
D:2:      grunt_temple_overflow_open, kennysheep_small_spiral, ashenzari_altar_1
D:3:      serial_bayou_lagoon_a
D:4:      dancing_weapons_uskayaw, minmay_temple_entry_enclosed_plants,
          minmay_misc_feat_cross, serial_park_tiny_pond,
          trog_three_pillars_becter, uniq_sigmund, uniq_natasha
D:5:      first_ration, minivault_11
Temple:   oiseaux_autumnal_temple

Skill      XL: |  1  2  3  4  5  6  7 |
---------------+----------------------+-----
Stealth        | 2 3 |  3.0
Short Blades   | 3 |  3.0
Throwing       | 2 3 4 5 6 |  6.5
Invocations    | 1 2 3 4 |  4.2
Fighting       | |  2.4
Dodging        | |  4.4
Shields        | |  2.1

Action                   |  1- 3 |  4- 6 |  7- 9 || total
-------------------------+-------+-------+-------++-------
Melee: Rapier            |   153 |   114 |       ||   267
       Dagger            |       |    55 |    60 ||   115
 Fire: Blowgun           |     5 |    39 |    36 ||    80
Throw: Stone             |       |       |     2 ||     2
  Use: Scroll            |     9 |     1 |     2 ||    12
 Stab: Sleeping          |     7 |     1 |       ||     8
       Distracted        |     1 |       |       ||     1
  Eat: Ration            |       |     1 |       ||     1
Armor: Robe              |    15 |     5 |     2 ||    22
Dodge: Dodged            |   106 |    98 |    46 ||   250
Block: Buckler           |    53 |    56 |    16 ||   125

Table legend:
 A = Spawn XP
 B = Non-spawn XP
 C = Spawn XP percentage of total XP
 D = Spawn monster count
 E = Non-spawn monster count
 F = Spawn count percentage of total count
 G = Total turns spent on level
                    A         B        C        D         E        F      G
               +---------+---------+-------+---------+---------+-------+---------
         Total |       0 |    1138 |   0.0 |       0 |     100 |   0.0 |  5566
               +---------+---------+-------+---------+---------+-------+---------
           D:1 |       0 |      17 |   0.0 |       0 |      12 |   0.0 |  1160
           D:2 |       0 |     113 |   0.0 |       0 |      36 |   0.0 |  1103
           D:3 |       0 |     137 |   0.0 |       0 |      21 |   0.0 |  1088
           D:4 |       0 |     460 |   0.0 |       0 |      17 |   0.0 |   767
           D:5 |       0 |     411 |   0.0 |       0 |      14 |   0.0 |  1172
               +---------+---------+-------+---------+---------+-------+---------
